AoeStats
← xr0015

Arena

510168827Analyzed
1v1 RM · 2d ago on Sep 29, 2026· 26m 1s· 2 players
Game mode
Random Map
Map size
Tiny (2 player)
Population
200
Speed
Normal
Resources
Standard
Victory
Conquest
Starting age
Dark Age
Ending age
Imperial Age
RankedLock teamsTeams togetherTeam positionsShared explorationLock speedFull tech treeHidden civsTurbo modeCheats
Victory
Defeat
🇧🇷 Romans · Brazil
927
+14
🇷🇺 Burgundians · Russia
888
-14
jav1dan
7:05 Double-Bit Axe
9:08 Wheelbarrow
10:55 Feudal Age
15:11 Castle Age
13:54 Horse Collar
14:29 Bow Saw
22:39 Fletching
xr0015
10:28 Feudal Age
8:45 Loom
12:08 Horse Collar
12:14 Double-Bit Axe
15:10 Man-at-Arms
18:14 Scale Mail Armor
20:40 Castle Age
18:47 Gold Mining
20:11 Stone Mining
21:33 Pikeman
22:59 Chain Mail Armor
22:31 Long Swordsman
23:10 Fletching
24:42 Scale Barding Armor
Connection lost

Rejoining the realm…

Still unreachable

The connection could not be restored.

Session expired

The server has moved on; the page needs a fresh start.